 Dungeon Crawl Stone Soup version 0.28.0-62-gf88900778d (webtiles) character file.

Game seed: 9663746003293397835

98 cbfl8 the Skirmisher (level 4, 0/61 HPs)
             Began as a Minotaur Berserker on Mar 24, 2023.
             Was a Follower of Trog.
             Succumbed to a scorpion's poison
             ... on level 2 of the Dungeon.
             The game lasted 00:01:14 (1069 turns).

cbfl8 the Skirmisher (Minotaur Berserker)           Turns: 1069, Time: 00:01:15

Health: 0/61       AC:  2    Str: 21    XL:     4   Next: 43%
Magic:  3/3        EV: 12    Int:  4    God:    Trog [*.....]
Gold:   44         SH:  0    Dex: 12    Spells: 3/3 levels left

rFire   . . .      SeeInvis .   a - +0 hand axe
rCold   . . .      Faith    .   (no shield)
rNeg    . . .      Spirit   .   b - +0 animal skin
rPois   .          Reflect  .   (helmet restricted)
rElec   .          Harm     .   (no cloak)
rCorr   .          Rampage  .   (no gloves)
Will    .....                   (no boots)
Stlth   ..........              (no amulet)
HPRegen 0.20/turn               (no ring)
MPRegen 0.08/turn               (no ring)

@: berserking (expiring), lethally poisoned (0 -> -10), very quick
A: horns 2, retaliatory headbutt
a: Renounce Religion, Berserk


You were on level 2 of the Dungeon.
You worshipped Trog.
Trog was aware of your devotion.
You visited 1 branch of the dungeon, and saw 2 of its levels.

You collected 44 gold pieces.

Inventory:

Hand Weapons
 a - a +0 hand axe (weapon)
Armour
 b - a +0 animal skin (worn)
Jewellery
 d - an amulet of regeneration
Scrolls
 c - a scroll of blinking {unknown}
 e - a scroll of teleportation {unknown}


   Skills:
 * Level 4.9 Fighting
 + Level 4.7 Axes
 + Level 2.8 Armour
 + Level 2.4 Dodging
 + Level 0.1 Stealth
 * Level 0.8 Evocations


You had 3 spell levels left.
You didn't know any spells.
Your spell library was empty.

Dungeon Overview and Level Annotations

Branches:
Dungeon (2/15)

Altars:


Innate Abilities, Weirdness & Mutations

You have a pair of horns on your head.
You reflexively headbutt those who attack you in melee.


Message History

You barely miss the scorpion.
The scorpion is heavily wounded.
You feel very sick. The scorpion closely misses you.
You are too injured to fight recklessly!
You fail to use your ability.
You feel sick. The scorpion closely misses you. You furiously retaliate!
You headbutt the scorpion.
A red film seems to cover your vision as you go berserk!
You feel yourself moving faster!
You feel mighty!
You feel sick. The scorpion stings you.
You are lethally poisoned!
The scorpion poisons you!
You hit the scorpion. Your headbutt misses the scorpion.
The scorpion is heavily wounded.
* * * LOW HITPOINT WARNING * * *
You feel sick. The scorpion stings you.
* * * LOW HITPOINT WARNING * * *
You are more poisoned.
The scorpion poisons you!
You closely miss the scorpion. You headbutt the scorpion!
You kill the scorpion!
Trog accepts your kill.
* * * LOW HITPOINT WARNING * * *
You feel very sick.
You have reached level 4!
You feel agile.
There is a lethal amount of poison in your body!
There is a lethal amount of poison in your body!
There is a lethal amount of poison in your body!
There is a lethal amount of poison in your body!
You are too berserk!
* * * LOW HITPOINT WARNING * * *
You feel very sick.
You feel a strong urge to attack something.
* * * LOW HITPOINT WARNING * * *
You feel sick.
* * * LOW HITPOINT WARNING * * *
You feel very sick.
You feel your anger nearly subside.
You die...

#### #.. #### #.# ...#
#####.## ...# #......# ...#
#......#####
...###..........############
............†.......>.......
...#####.#...#..@....#
...#####.#.#.#.....#.#
#......#.#.#.#.###.#.#
#.####.#.#.#.....#.#.# #.#
#.#.#...#.#.#.. #.#
#.#.....#.#.### #.#
#.#######...# #<# #.# #####
.## ...


There were no monsters in sight!

Vanquished Creatures
  A scorpion (D:2)
  A worm (D:2)
  2 dart slugs (D:1)
  3 ball pythons (D:1)
  2 endoplasms
  A goblin (D:2)
  5 hobgoblins
  3 kobolds
  3 bats (D:1)
  5 rats
26 creatures vanquished.

Notes
Turn   | Place    | Note
-------+----------+-------------------------------------------
     0 | D:1      | cbfl8 the Minotaur Berserker began the quest for the Orb.
     0 | D:1      | Reached XP level 1. HP: 19/19 MP: 0/0
   235 | D:1      | Reached XP level 2. HP: 27/27 MP: 1/1
   333 | D:1      | Found a faded altar of an unknown god.
   956 | D:2      | Reached XP level 3. HP: 29/33 MP: 2/2
  1056 | D:2      | Noticed a scorpion
  1065 | D:2      | Killed a scorpion
  1066 | D:2      | Reached XP level 4. HP: 9/41 MP: 3/3
  1068 | D:2      | HP: 1/61 [poisoned by a scorpion]
  1069 | D:2      | Succumbed to a scorpion's poison

Illustrated notes

Levels and vault maps discovered:
D:1:      minmay_arrival_hallway, layout_basic,
          nicolae_ecumenical_snake_handling, kennysheep_small_spiral,
          hex_intersection, hangedman_decor_clover_reticule
D:2:      layout_basic

Skill      XL: |  1  2 |
---------------+-------+-----
Axes           | 4 |  4.7
Fighting       | 4 |  4.9
Armour         | |  2.8
Dodging        | |  2.4
Stealth        | |  0.1
Evocations     | |  0.8

Action                   |  1- 3 |  4- 6 || total
-------------------------+-------+-------++-------
Melee: Hand axe          |    43 |       ||    43
       Headbutt          |    13 |       ||    13
       Punch             |     1 |       ||     1
Invok: Berserk           |     1 |       ||     1
Armor: Animal skin       |     6 |       ||     6
Dodge: Dodged            |    32 |       ||    32
